Map: Beckett Industries LE

Players

Kelazhur

  • Race: Terran Terran

SpeCial - Winner!

  • Race: Terran Terran

Event: DreamHack SC2 Masters 2021 Winter

VOD

Have the link to the VOD?

Description

Time

  • Played on: Oct. 2, 2021, 4:40 p.m.
  • Length: 6:46

All games in this series

Show
View Real Time Build Order
Export as new Build Order

Kelazhur Terran 

Build Orders:  

Get SALT Encoding   

  12  0:00  SCV  
  13  0:12  SCV  
  14  0:17  Supply Depot  
  14  0:24  SCV  
  15  0:38  SCV  
  15  0:40  Barracks  
  16  0:43  Refinery  
  16  0:50  SCV  
  16  0:55  Refinery  
  17  1:03  SCV  
  18  1:15  SCV  
  19  1:27  Barracks Reactor, Orbital Command  
  19  1:29  Supply Depot  
  19  1:41  Factory  
  19  1:53  SCV  
  20  2:03  Reaper x2  
  20  2:05  SCV  
  20  2:08  Supply Depot  
  23  2:17  SCV  
  24  2:25  Hellion  
  24  2:29  SCV  
  27  2:35  Reaper x2  
  29  2:45  Command Center  
  29  2:49  Hellion  
  31  2:53  SCV  
  32  3:06  Supply Depot, SCV  
  32  3:07  Reaper x2  
  32  3:11  Hellion  
  37  3:20  Starport  
  37  3:22  SCV  
  38  3:33  Factory Tech Lab  
  38  3:35  SCV  
  38  3:39  Marine x2  
  41  3:47  SCV  
  42  3:51  Cyclone  
  45  4:04  Starport Tech Lab  
  45  4:05  Orbital Command  
  45  4:06  SCV  
  45  4:11  Marine x2  
  46  4:18  SCV  
  46  4:24  Raven  
  47  4:25  Refinery  
  47  4:28  Marine x2  
  47  4:30  SCV  
  52  4:31  SCV  
  52  4:33  Supply Depot  
  52  4:38  Siege Tank  
  56  4:42  SCV  
  57  4:46  SCV  
  57  4:52  Marine x2  
  59  4:54  SCV  
  59  4:57  Supply Depot  
  59  4:58  SCV  
  62  5:08  SCV  
  62  5:10  Siege Tank  
  62  5:11  SCV, Marine x2  
  69  5:20  SCV  
  70  5:23  SCV  
  71  5:29  Marine  
  71  5:30  Marine  
  71  5:32  SCV  
  71  5:35  SCV  
  75  5:36  Raven  
  75  5:40  Supply Depot  
  75  5:41  Supply Depot  
  73  5:44  SCV  
  73  5:47  SCV  
  73  5:48  Siege Tank  
  78  6:00  Supply Depot  
  78  6:01  SCV x2  
  82  6:11  Barracks  
  80  6:14  SCV x2  
  81  6:26  SCV x2  
Show
View Real Time Build Order
Export as new Build Order

SpeCial Terran - Winner!

Build Orders: 1/1/1 

Get SALT Encoding   

  12  0:01  SCV  
  13  0:13  SCV  
  14  0:18  Supply Depot  
  14  0:25  SCV  
  15  0:28  Refinery  
  15  0:39  SCV  
  16  0:45  Barracks  
  16  0:51  SCV  
  16  0:56  Refinery  
  17  1:03  SCV  
  18  1:16  SCV  
  19  1:32  Orbital Command  
  19  1:34  Factory  
  19  1:36  Reaper  
  20  1:43  Supply Depot  
  20  1:58  SCV  
  22  2:08  Reaper  
  22  2:10  SCV  
  23  2:18  Starport, Hellion  
  23  2:22  SCV  
  26  2:25  Supply Depot  
  26  2:34  SCV  
  27  2:41  Widow Mine, Barracks Tech Lab  
  29  2:46  SCV  
  30  2:59  SCV  
  31  3:05  Banshee  
  31  3:06  Factory Tech Lab  
  34  3:13  Command Center  
  34  3:16  Barracks Reactor  
  34  3:19  SCV  
  35  3:24  Supply Depot  
  35  3:30  Siege Tank  
  35  3:33  SCV  
  39  3:40  Refinery  
  39  3:45  SCV  
  40  3:53  Raven, Marine x2  
  44  3:57  SCV  
  43  4:10  SCV  
  43  4:11  Marine x2  
  45  4:22  SCV  
  46  4:29  Marine  
  47  4:33  Marine  
  47  4:34  Siege Tank, Orbital Command  
  47  4:35  Supply Depot  
  47  4:36  SCV  
  52  4:48  SCV  
  53  4:58  Viking x2  
  57  5:00  SCV  
  57  5:01  SCV  
  57  5:06  Siege Tank  
  62  5:11  Supply Depot  
  62  5:12  SCV  
  62  5:13  SCV  
  64  5:15  Marine  
  65  5:24  SCV  
  65  5:25  SCV  
  67  5:31  Viking  
  67  5:33  Marine  
  70  5:36  SCV  
  70  5:37  SCV  
  72  5:42  Viking  
  72  5:49  SCV x2  
  76  5:50  Marine  
  77  6:01  SCV  
  78  6:04  Supply Depot  
  78  6:14  Supply Depot  
  78  6:15  Refinery  
  78  6:19  SCV  
  78  6:24  Marine  
  78  6:25  SCV  
  78  6:32  SCV  

Tags
 
Add a new tag
Caveats
  • Supply blocks, unpowered buildings, or Contaminate may cause inaccurate times.
  • Supply counts are checked every 10 seconds.